 Dungeon Crawl Stone Soup version 0.29.0-11-gd7f09526c8 (webtiles) character file.

Game seed: 6238696170218070060

752 leavemydog the Conjurer (level 7, -2/36 HPs)
             Began as a Deep Elf Conjurer on Sept 4, 2022.
             Was an Initiate of Vehumet.
             Slain by Duvessa
             ... wielding a +4 short sword of holy wrath
              (3 damage)
             ... on level 5 of the Dungeon on Sept 5, 2022.
             The game lasted 00:09:34 (5482 turns).

leavemydog the Conjurer (Deep Elf Conjurer)         Turns: 5482, Time: 00:09:35

Health: -2/36      AC:  6    Str:  4    XL:     7   Next: 49%
Magic:  6/19       EV: 12    Int: 25    God:    Vehumet [......]
Gold:   518        SH:  0    Dex: 13    Spells: 13/20 levels left

rFire   . . .      SeeInvis .   t - +4 short sword (drain)
rCold   . . .      Faith    .   (no shield)
rNeg    . . .      Spirit   .   a - +0 robe
rPois   .          Reflect  .   s - +0 helmet
rElec   .          Harm     .   m - +2 cloak
rCorr   .          Rampage  .   (no gloves)
Will    .....                   (no boots)
Stlth   ++........              (no amulet)
HPRegen 0.12/turn               (no ring)
MPRegen 0.16/turn               (no ring)

@: no status effects
A: no striking features
a: Renounce Religion


You were on level 5 of the Dungeon.
You worshipped Vehumet.
Vehumet was noncommittal.
You visited 1 branch of the dungeon, and saw 5 of its levels.
You also visited: Ossuary.

You collected 518 gold pieces.

Inventory:

Hand Weapons
 t - a +4 short sword of draining (weapon)
Missiles
 q - 4 boomerangs of dispersal
Armour
 a - a +0 robe (worn)
 m - a +2 cloak (worn)
 s - a +0 helmet (worn)
Wands
 n - a wand of iceblast (13)
Scrolls
 e - 2 scrolls of teleportation
 l - 2 scrolls of torment {unknown}
 r - a scroll of noise {unknown}
Potions
 b - 2 potions of magic
 c - a potion of curing
 d - a potion of haste {unknown}
 f - a potion of mutation {unknown}
 h - 2 potions of degeneration {unknown}
 i - 3 potions of flight
 k - a potion of brilliance {unknown}
 p - 3 potions of might {unknown}


   Skills:
 - Level 2.4 Dodging
 - Level 2.4 Stealth
 + Level 7.0 Spellcasting
 + Level 7.8 Conjurations
 * Level 3.2 Translocations


You had 13 spell levels left.
You knew the following spells:

 Your Spells              Type           Power      Damage    Failure   Level
a - Magic Dart            Conj           100%       1d8       1%          1
b - Searing Ray           Conj           96%        2d7       1%          2
c - Iskenderun's Mystic   Conj/Tloc      36%        2d9       7%          4

Your spell library contained the following spells:

 Spells                   Type           Power      Damage    Failure   Level
 Dazzling Flash           Conj/Hex       56%        N/A       4%          3
 Freeze                   Ice            32%        1d5       7%          1
 Fulminant Prism          Conj/Hex       14%        3d9       13%         4
 Hailstorm                Conj/Ice       28%        3d8       13%         4
 Passage of Golubria      Tloc           25%        N/A       17%         4
 Frozen Ramparts          Ice            16%        1d3       21%         3
 Tukima's Dance           Hex            8%         N/A       21%         3
 Yara's Violent Unravell  Hex/Tmut       4%         3d4       88%         5


Dungeon Overview and Level Annotations

Branches:
Dungeon (5/15)            Ossuary (visited)
 Temple: D:4-7

Altars:
Dithmenos
Kikubaaqudgha
Uskayaw
Vehumet
Xom

Shops:
D:1 =

Annotations:
D:4 exclusion: statue
D:5 Duvessa


Message History

You don't know that spell.
Casting: Searing Ray (safe; 1% risk of failure)
Confirm with . or Enter, or press ? or * to list all spells.
Aiming: Searing Ray (safe; 1% risk of failure)
Press: ? - help, Shift-Dir - straight line, f - Duvessa
Aim: Duvessa, wielding a +4 short sword of holy wrath and wearing a +0 chain mail (berserk, 90% to hit)
The searing ray hits Duvessa but does no damage. (Press . to maintain the ray.)
The searing ray hits Duvessa.
Duvessa is lightly wounded.
Duvessa hits you with a +4 short sword of holy wrath! x2
The searing ray hits Duvessa.
Duvessa is lightly wounded.
Duvessa hits you with a +4 short sword of holy wrath.
Casting: Searing Ray (safe; 1% risk of failure)
Confirm with . or Enter, or press ? or * to list all spells.
The spell is quite dangerous to miscast (7% risk of failure)!
Continue anyway?
You erupt in a blast of force!
The mystic blast hits Duvessa!
Duvessa is moderately wounded.
Duvessa is knocked back by the mystic blast.
Okay, then.
Casting: Iskenderun's Mystic Blast (quite dangerous; 7% risk of failure)
Confirm with . or Enter, or press ? or * to list all spells.
Aiming: Searing Ray (safe; 1% risk of failure)
Press: ? - help, Shift-Dir - straight line, f/p - Duvessa
Aim: Duvessa, wielding a +4 short sword of holy wrath and wearing a +0 chain mail (moderately wounded, berserk, 90% to hit)
The searing ray hits Duvessa but does no damage.
Duvessa is moderately wounded. (Press . to maintain the ray.) Duvessa hits you with a +4 short sword of holy wrath!
* * * LOW HITPOINT WARNING * * *
You hear a bark!
Casting: Searing Ray (safe; 1% risk of failure)
Confirm with . or Enter, or press ? or * to list all spells.
The spell is quite dangerous to miscast (7% risk of failure)!
Continue anyway?
You erupt in a blast of force!
The mystic blast hits Duvessa but does no damage.
Duvessa is moderately wounded.
Duvessa hits you with a +4 short sword of holy wrath.
You die...

#.# #.....##...##.#....#.#
#.# #..###.#####.##...##.#
#.# #..# ##.###.####.###.#
#.# #..# ##.#.## #.# #.#
#.######..# ##.## #.# #.##
#.........# ####.# #.# #...
########.####....# #.# ####
#.........# #.# ######@##.#
#.# #e##.# #.# # #.##.# #.
##.##.##.# .. .#......# h#
#.##.#### .#
#########.##.### .#####.
#............##.#####.g.e...
#.8.......8..#.#.#g...g...$.


You could see Duvessa (berserk).

Vanquished Creatures
  An ice beast (D:5)
  An ogre (D:4)
  2 necrophages
  A scorpion (D:4)
  Dowan (D:5)
  A human zombie (Ossuary)
  A hound (D:5)
  Jessica (D:2)
  An iguana (D:5)
  Natasha (twice) (D:2)
  2 mummies (Ossuary)
  6 adders
  A white imp (D:5)
  A worm (D:2)
  2 dart slugs
  3 orcs
  4 ball pythons
  8 endoplasms
  7 giant cockroaches
  7 goblins
  10 hobgoblins
  11 jackals
  5 kobolds
  4 quokkas
  4 bats
  3 frilled lizards
  A gnoll zombie (Ossuary)
  3 goblin zombies (Ossuary)
  3 hobgoblin zombies (Ossuary)
  6 orc zombies (Ossuary)
  4 rats
107 creatures vanquished.

Notes
Turn   | Place    | Note
-------+----------+-------------------------------------------
     0 | D:1      | leavemydog the Deep Elf Conjurer began the quest for the
                  | Orb.
     0 | D:1      | Reached XP level 1. HP: 10/10 MP: 6/6
   117 | D:1      | Reached XP level 2. HP: 15/15 MP: 5/8
   122 | D:1      | Learned a level 2 spell: Searing Ray
   209 | D:1      | Reached skill level 5 in Conjurations
   601 | D:1      | Found Feuff's One-of-a-Kind Rings.
   828 | D:1      | Found a faded altar of an unknown god.
   861 | D:1      | Reached XP level 3. HP: 19/19 MP: 6/9
  1697 | D:2      | Noticed Jessica
  1702 | D:2      | Killed Jessica
  1703 | D:2      | Reached XP level 4. HP: 24/24 MP: 4/11
  1713 | D:2      | Learned a level 4 spell: Iskenderun's Mystic Blast
  1925 | D:2      | Noticed Natasha
  1927 | D:2      | Killed Natasha
  2148 | D:2      | Noticed Natasha
  2152 | D:2      | Killed Natasha
  2153 | D:2      | Reached skill level 1 in Translocations
  2153 | D:2      | Reached XP level 5. HP: 28/28 MP: 7/13
  2596 | D:3      | Identified the +1 scale mail of Past Mistakes {*Slow +Inv
                  | Str+4 Slay+4}
  3311 | D:4      | Reached skill level 5 in Spellcasting
  3438 | D:4      | Reached XP level 6. HP: 25/32 MP: 2/15
  3701 | D:4      | Found a shimmering altar of Xom.
  3814 | D:4      | Found a shadowy altar of Dithmenos.
  4026 | D:4      | Found an ancient bone altar of Kikubaaqudgha.
  4068 | D:4      | Found a radiant altar of Vehumet.
  4077 | D:4      | Became a worshipper of Vehumet
  4278 | D:5      | Entered Level 5 of the Dungeon
  4278 | D:5      | Noticed an ice beast
  4286 | D:5      | Killed an ice beast
  4471 | D:5      | Found a hide-covered altar of Uskayaw.
  4498 | D:5      | Noticed Dowan
  4507 | D:5      | Reached XP level 7. HP: 27/36 MP: 14/18
  4511 | D:5      | Killed Dowan
  4779 | D:5      | Found a sand-covered staircase.
  4783 | Ossuary  | Entered an ossuary
  5475 | D:5      | Noticed Duvessa
  5481 | D:5      | HP: 1/36 [Duvessa/+4 short sword of holy wrath (13)]
  5482 | D:5      | Slain by Duvessa

Illustrated notes

Levels and vault maps discovered:
D:1:      lemuel_arrival_hallway, layout_basic,
          hellmonk_ecumenical_altar_leap_of_faith,
          nicolae_kite_square_tiling_tiny, nicolae_shop_unique_rings,
          chequers_serial_rivers_room_b
D:2:      layout_loops_ring, uniq_jessica, uniq_natasha
D:3:      layout_basic, chequers_serial_rivers_small_3, minmay_puff
D:4:      layout_gridville, nicolae_dithmenos_shadow_blocks,
          mainiacjoe_overflow_small_starburst, lemuel_doored_altar,
          vehumet_statue, minivault_11
D:5:      layout_loops_ring, eat_drink_and_be_merry_uskayaw,
          minmay_temple_entry_stoned_glass, enter_ossuary_5, amethyst_killhole,
          uniq_duvessa, uniq_grinder

Skill      XL: |  1  2  3  4  5  6  7 |
---------------+----------------------+-----
Conjurations   | 5 6 7 |  7.8
Spellcasting   | 4 5 6 7 |  7.0
Translocations | 1 2 3 |  3.2
Dodging        | |  2.4
Stealth        | |  2.4

Action                   |  1- 3 |  4- 6 |  7- 9 || total
-------------------------+-------+-------+-------++-------
Melee: Dagger            |     2 |       |       ||     2
 Cast: Magic Dart        |    73 |   103 |    59 ||   235
       Searing Ray       |     1 |     9 |     6 ||    16
       Iskenderun's Myst |       |       |     2 ||     2
  Use: Scroll            |       |     1 |     7 ||     8
Armor: Robe              |     1 |     1 |       ||     2
Dodge: Dodged            |     4 |     8 |     3 ||    15
